 Dungeon Crawl Stone Soup version 0.27-a0-1200-g94dc6ad4cf (webtiles) character file.

Game seed: 13618186569757384777

1 Azzok the Skirmisher (level 1, -1/27 HPs)
             Began as a Demonspawn Berserker on May 30, 2021.
             Was a Follower of Trog.
             Slain by a jackal (2 damage)
             ... on level 1 of the Dungeon.
             The game lasted 00:00:06 (21 turns).

Azzok the Skirmisher (Demonspawn Berserker)           Turns: 21, Time: 00:00:07

Health: -1/27      AC:  2    Str: 17    XL:     1   Next: 16%
Magic:  1/1        EV:  9    Int:  8    God:    Trog [*.....]
Gold:   0          SH:  0    Dex: 12    Spells: 0/0 levels left

rFire    . . .     SeeInvis .   a - +0 hand axe
rCold    . . .     Faith    .   (no shield)
rNeg     . . .     Spirit   .   b - +0 animal skin
rPois    .         Reflect  .   (no helmet)
rElec    .         Harm     .   (no cloak)
rCorr    .         Rampage  .   (no gloves)
Will     .....                  (no boots)
Stlth    ..........             (no amulet)
HPRegen  0.09/turn              (no ring)
MPRegen  0.07/turn              (no ring)

@: berserking, constricted, very quick
A: no striking features
a: Renounce Religion, Berserk


You were on level 1 of the Dungeon.
You worshipped Trog.
Trog was aware of your devotion.
You visited 1 branch of the dungeon, and saw 1 of its levels.

Inventory:

Hand Weapons
 a - a +0 hand axe (weapon)
Armour
 b - a +0 animal skin (worn)


   Skills:
 - Level 3.0 Fighting
 + Level 2.8 Axes
 - Level 1.7 Armour
 - Level 1.7 Dodging


You couldn't memorise any spells.
You didn't know any spells.
Your spell library was empty.

Dungeon Overview and Level Annotations

Branches:
Dungeon (1/15)

Altars:


Message History

The ball python hisses angrily.
A nearby plant withers and dies.
The hobgoblin barely misses you.
You hit the hobgoblin.
The hobgoblin is moderately wounded.
The hobgoblin closely misses you. The jackal misses you.
You hit the hobgoblin.
The hobgoblin is heavily wounded.
You hit the jackal but do no damage. The jackal bites you.
The hobgoblin barely misses you. The jackal closely misses you.
The hobgoblin barely misses you.
You barely miss the jackal. You barely miss the hobgoblin.
A jackal comes into view.
The jackal misses you. The hobgoblin barely misses you.
You barely miss the jackal. You barely miss the hobgoblin.
You closely miss the ball python.
The jackal barks!
The jackal bites you. The ball python bites you.
The ball python closely misses you.
A jackal comes into view.
The jackal bites you. The hobgoblin hits you.
The ball python closely misses you. x2
The jackal barks!
You hit the jackal.
The jackal is severely wounded.
You hit the hobgoblin. You closely miss the ball python.
You closely miss the jackal. The jackal bites you.
The jackal completely misses you. The hobgoblin hits you.
* * * LOW HITPOINT WARNING * * *
The jackal closely misses you. The ball python bites you.
* * * LOW HITPOINT WARNING * * *
The ball python grabs you. The ball python constricts you.
The jackal bites you.
* * * LOW HITPOINT WARNING * * *
A red film seems to cover your vision as you go berserk!
You feel yourself moving faster!
You feel mighty! The jackal closely misses you.
The hobgoblin completely misses you. The ball python closely misses you.
* * * LOW HITPOINT WARNING * * *
The ball python constricts you. The jackal bites you.
You die...

▒▒''▒▒ ▒····▒
▒▒▒▒▒▒▒···P▒▒▒▒
▒▒PP············
♣····♣··P♣···P♣··
····P·········♣··
▒···♣♣····♣·····♣P
·▒ ▒·······P·····
▒▒▒·g@h····▒▒▒
·······Sh▒·····
▒▒▒▒·····▒·▒▒▒▒
▒·····h ·
▒··▒▒·▒··▒ ▒··
·▒·· ▒·· ·▒ ▒▒ ▒··
··


You could see 3 jackals, a hobgoblin and a ball python.

Vanquished Creatures
  A jackal (D:1)
1 creature vanquished.

Vanquished Creatures (others)
  A plant (D:1)
1 creature vanquished.

Grand Total: 2 creatures vanquished

Notes
Turn   | Place    | Note
-------+----------+-------------------------------------------
     0 | D:1      | Azzok the Demonspawn Berserker began the quest for the Orb.
     0 | D:1      | Reached XP level 1. HP: 18/18 MP: 1/1
    21 | D:1      | HP: 1/27 [ball python (1)]
    21 | D:1      | Slain by a jackal

Illustrated notes

Levels and vault maps discovered:
D:1:      denvon_arrival_planthouse, layout_basic,
          chequers_ecumenical_altar_grove, minmay_misc_feat_plants,
          minmay_tetromino_o2

Action                   || total
-------------------------++-------
Melee: Hand axe          ||     8
Invok: Berserk           ||     1
Armor: Animal skin       ||     2
Dodge: Dodged            ||    21

Table legend: (Time is in decaauts)
 A = Elapsed time spent in this place.
 B = Non-inter-level travel time spent in this place.
 C = Inter-level travel time spent in this place.
 D = Time resting spent in this place.
 E = Time spent auto-exploring this place.
 F = Levels seen in this place.
 G = Mean time per level.
                   A        B        C        D        E       F      G
               +--------+--------+--------+--------+--------+-----+--------+
         Total |     22 |     22 |      0 |      0 |      7 |   1 |   22.0 |
       Dungeon |     22 |     22 |      0 |      0 |      7 |   1 |   22.0 |
               +--------+--------+--------+--------+--------+-----+--------+

Top non-repeatable levels by time:
     D:1: 22 daAuts
